Map: Orbital Shipyard

Players

Javert - Winner!

  • Race: Zerg Zerg
  • League: Platinum

Pablink

  • Race: Protoss Protoss
  • League: Gold

VOD

Have the link to the VOD?

Description

Time

  • Played on: Aug. 19, 2015, 10:28 p.m.
  • Length: 11:02
Show
View Real Time Build Order
Export as new Build Order

Javert Zerg - Winner!

Build Orders: 3 Hatch before Pool 

Get SALT Encoding   

  12  0:01  Drone  
  13  0:15  Overlord  
  13  0:20  Drone  
  14  0:35  Drone x2  
  16  0:38  Drone  
  17  0:55  Hatchery  
  16  1:01  Drone  
  17  1:06  Drone  
  17  1:14  Drone  
  18  1:21  Drone  
  19  1:54  Hatchery  
  18  1:55  Spawning Pool  
  17  2:13  Drone x4  
  17  2:15  Extractor  
  20  2:23  Drone  
  21  2:30  Drone  
  21  2:31  Drone  
  23  2:39  Drone  
  24  2:44  Drone  
  24  2:50  Queen  
  27  2:52  Overlord  
  27  3:02  Overlord  
  27  3:05  Queen  
  29  3:06  Queen  
  29  3:10  Zergling x6  
  34  3:20  Drone x4  
  38  3:33  Drone x3  
  41  3:39  Drone x2  
  41  3:40  Drone  
  44  3:43  Metabolic Boost  
  44  3:51  Queen  
  44  3:53  Overlord  
  46  3:56  Drone x3  
  49  4:10  Drone, Overlord  
  50  4:18  Overlord  
  50  4:20  Drone x4, Extractor  
  50  4:21  Drone x4  
  50  4:22  Extractor  
  56  4:32  Lair  
  56  4:44  Roach Warren  
  55  4:46  Drone x3  
  55  4:47  Drone x7  
  55  4:48  Drone x4  
  69  4:55  Overlord x2  
  69  5:00  Evolution Chamber, Extractor  
  69  5:05  Extractor  
  66  5:08  Overlord x3, Extractor  
  65  5:16  Overlord x2  
  65  5:28  Zerg Missile Weapons Level 1  
  65  5:29  Drone x3  
  65  5:30  Drone x2  
  65  5:31  Overlord x2  
  65  5:32  Glial Reconstitution  
  70  5:40  Roach x5  
  80  5:51  Hydralisk Den  
  77  6:08  Drone x3, Spore Crawler  
  77  6:10  Spore Crawler  
  78  6:24  Roach x2  
  78  6:25  Roach x11  
  104  6:26  Ravager x3  
  96  6:34  Roach x3  
  92  7:00  Drone  
  92  7:01  Drone x9  
  96  7:05  Drone  
  96  7:06  Drone x2  
  97  7:10  Hydralisk x4  
  105  7:23  Muscular Augments  
  105  7:25  Roach x3  
  105  7:26  Roach x2  
  115  7:31  Extractor  
  115  7:36  Hydralisk x3  
  114  7:41  Hydralisk  
  120  7:48  Spore Crawler  
  109  8:01  Hydralisk x9  
  109  8:02  Hydralisk x2  
  117  8:08  Drone x3  
  117  8:12  Ravager x2  
  118  8:25  Hydralisk x3  
  124  8:29  Drone x3  
  124  8:31  Queen  
  129  8:38  Overlord  
  129  8:43  Hatchery  
  122  9:01  Spore Crawler  
  122  9:02  Spore Crawler  
  115  9:03  Roach  
  115  9:04  Roach x9  
  127  9:17  Spine Crawler  
  105  9:38  Roach  
  105  9:39  Roach x5  
  98  9:57  Roach  
  98  9:58  Roach x4  
  100  10:25  Hydralisk x3  
  100  10:26  Hydralisk x3  
  100  10:54  Hatchery  
Show
View Real Time Build Order
Export as new Build Order

Pablink Protoss 

Build Orders: Forge Fast Expand (FFE) 

Get SALT Encoding   

  12  0:01  Probe  
  13  0:13  Probe  
  14  0:19  Pylon  
  14  0:37  Probe (Chrono Boost)  
  14  0:39  Forge  
  15  0:49  Probe (Chrono Boost)  
  16  0:55  Probe (Chrono Boost)  
  17  1:06  Pylon  
  17  1:07  Probe (Chrono Boost)  
  19  1:19  Probe (Chrono Boost)  
  19  1:21  Pylon  
  19  1:29  Photon Cannon  
  18  1:35  Probe  
  18  1:39  Nexus  
  19  1:46  Gateway  
  19  1:48  Probe (Chrono Boost)  
  19  1:52  Assimilator  
  20  1:58  Probe (Chrono Boost)  
  21  2:07  Pylon  
  21  2:08  Probe  
  21  2:14  Photon Cannon  
  22  2:20  Probe (Chrono Boost)  
  22  2:21  Assimilator  
  23  2:33  Probe (Chrono Boost)  
  24  2:39  Cybernetics Core  
  24  2:43  Probe  
  25  2:49  Gateway  
  25  2:55  Probe  
  26  3:01  Probe  
  26  3:04  Zealot (Chrono Boost)  
  29  3:06  Gateway  
  29  3:09  Probe  
  30  3:17  Warp Gate (Chrono Boost)  
  30  3:21  Mothership Core (Chrono Boost)  
  33  3:28  Probe (Chrono Boost)  
  33  3:36  Probe (Chrono Boost)  
  33  3:37  Probe (Chrono Boost)  
  35  3:48  Probe (Chrono Boost)  
  37  3:54  Probe (Chrono Boost)  
  37  3:55  Nexus  
  37  4:04  Stargate  
  37  4:06  Probe x2  
  38  4:16  Stalker x2  
  42  4:23  Stalker  
  44  4:33  Pylon  
  44  4:36  Pylon  
  44  4:51  Oracle (Chrono Boost)  
  44  4:52  Probe x2  
  49  5:04  Probe  
  50  5:07  Assimilator  
  50  5:08  Probe x2, Assimilator  
  52  5:15  Stalker x2  
  52  5:16  Zealot  
  52  5:18  Probe (Chrono Boost)  
  52  5:20  Probe (Chrono Boost)  
  61  5:24  Probe (Chrono Boost)  
  62  5:28  Photon Cannon  
  62  5:31  Probe (Chrono Boost)  
  62  5:33  Probe (Chrono Boost)  
  62  5:35  Probe (Chrono Boost)  
  64  5:37  Probe (Chrono Boost)  
  64  5:38  Sentry  
  64  5:39  Zealot x2  
  64  5:40  Probe  
  72  5:44  Probe  
  72  5:45  Pylon  
  72  5:49  Probe  
  74  6:03  Void Ray (Chrono Boost)  
  78  6:05  Stalker x2  
  78  6:09  Pylon  
  82  6:32  Protoss Ground Weapons Level 1 (Chrono Boost)  
  82  6:42  Void Ray (Chrono Boost)  
  82  6:51  Stalker x2  
  82  6:52  Stalker  
  82  6:53  Probe x3  
  75  7:02  Gateway  
  75  7:05  Gateway  
  75  7:06  Gateway  
  69  7:08  Gateway  
  69  7:10  Gateway  
  69  7:19  Stalker x3  
  69  7:38  Void Ray (Chrono Boost)  
  69  7:42  Mothership Core, Stalker  
  69  7:43  Stalker  
  79  7:57  Stalker  
  73  8:02  Probe x2 (Chrono Boost)  
  73  8:04  Probe (Chrono Boost)  
  73  8:05  Pylon  
  72  8:09  Pylon  
  72  8:11  Pylon x2  
  72  8:13  Assimilator x2  
  72  8:14  Probe x2 (Chrono Boost)  
  72  8:16  Probe (Chrono Boost)  
  72  8:19  Zealot x5  
  85  8:20  Zealot x2  
  85  8:23  Probe (Chrono Boost)  
  85  8:24  Probe (Chrono Boost), Void Ray (Chrono Boost)  
  95  8:34  Twilight Council  
  95  8:37  Probe  
  95  8:38  Probe x2  
  95  8:41  Zealot x7  
  105  8:49  Probe  
  105  8:50  Probe  
  105  8:51  Sentry  
  94  9:08  Zealot x3  
  94  9:09  Zealot x3  
  98  9:18  Zealot  
  98  9:29  Zealot  
  98  9:30  Zealot x3  
  78  9:48  Zealot  
  64  9:58  Zealot x2  
  55  10:00  Zealot x2  
Tags
 
Add a new tag
Caveats
  • Supply blocks, unpowered buildings, or Contaminate may cause inaccurate times.
  • Supply counts are checked every 10 seconds.